 Dungeon Crawl Stone Soup version 0.29.0-4-gdea44cf6ec (webtiles) character file.

Game seed: 14420670227108092618

4 DemonSlayer the Firebug (level 1, 0/13 HPs)
             Began as a Demonspawn Fire Elementalist on Aug 26, 2022.
             Slain by a bat (1 damage)
             ... on level 1 of the Dungeon.
             The game lasted 00:00:34 (214 turns).

DemonSlayer the Firebug (DsFE)                       Turns: 214, Time: 00:00:35

Health: 0/13       AC:  2    Str:  8    XL:     1   Next: 58%
Magic:  3/3        EV: 12    Int: 16    God:
Gold:   19         SH:  0    Dex: 13    Spells: 3/4 levels left

rFire   . . .      SeeInvis .   f - +0 hand axe
rCold   . . .      Faith    .   (no shield)
rNeg    . . .      Spirit   .   a - +0 robe
rPois   .          Reflect  .   (no helmet)
rElec   .          Harm     .   (no cloak)
rCorr   .          Rampage  .   (no gloves)
Will    .....                   (no boots)
Stlth   ++........              (no amulet)
HPRegen 0.04/turn               (no ring)
MPRegen 0.08/turn               (no ring)

@: no status effects
A: no striking features
a: no special abilities


You were on level 1 of the Dungeon.
You visited 1 branch of the dungeon, and saw 1 of its levels.

You collected 19 gold pieces.

Inventory:

Hand Weapons
 f - a +0 hand axe (weapon)
Armour
 a - a +0 robe (worn)
Scrolls
 c - a scroll of enchant armour {unknown}
 d - a scroll of teleportation {unknown}
Potions
 b - a potion of magic
 e - a potion of curing {unknown}


   Skills:
 + Level 1.7 Dodging
 + Level 1.7 Stealth
 + Level 2.0 Spellcasting
 + Level 1.0 Conjurations
 + Level 3.0 Fire Magic


You had 3 spell levels left.
You knew the following spells:

 Your Spells              Type           Power      Damage    Failure   Level
a - Foxfire               Conj/Fire      32%        2x1d5     9%          1

Your spell library contained the following spells:

 Spells                   Type           Power      Damage    Failure   Level
 Scorch                   Fire           22%        2d6       9%          2
 Conjure Flame            Conj/Fire      8%         6-21      26%         3
 Inner Flame              Hex/Fire       6%         N/A       32%         3
 Flame Wave               Conj/Fire      8%         2d5       65%         4


Dungeon Overview and Level Annotations

Branches:
Dungeon (1/15)

Altars:


Message History

The bat is heavily wounded.
The bat hits you but does no damage. The bat barely misses you.
You miss the bat.
The bat is heavily wounded.
The bat completely misses you. The bat hits you.
You are too injured to fight recklessly!
You are too injured to fight recklessly!
You are too injured to fight recklessly!
You are too injured to fight recklessly!
You closely miss the bat.
The bat is heavily wounded.
The bat closely misses you. The bat barely misses you.
You hit the bat.
The bat is severely wounded.
The bat hits you but does no damage. The bat misses you.
The bat barely misses you.
You closely miss the bat.
The bat is severely wounded.
The bat hits you but does no damage. The bat barely misses you.
You closely miss the bat.
The bat is severely wounded.
The bat closely misses you. The bat misses you.
The bat hits you but does no damage.
You hit the bat.
You kill the bat!
The bat hits you.
Your Fire Magic skill increases to level 3!
The bat closely misses you.
You barely miss the rat. The rat closely misses you.
The rat bites you but does no damage.
You hit the rat but do no damage. The rat bites you.
* * * LOW HITPOINT WARNING * * *
You closely miss the rat. The rat barely misses you.
You hit the rat.
You kill the rat!
The bat hits you but does no damage. The bat hits you.
* * * LOW HITPOINT WARNING * * *
The bat attacks as you move away! The bat hits you.
You die...

.# #.## #.# # #
#.#.#.## #.#...†.
#########.###.## #
........#.###.## #.
#######.#..##.##
#.##########........#
#..b@...........##..#
#..############.##..#
#.. #.##... >...
#...... #!..# #......
##.. #####.# #.. #..
#.. ###


You could see a bat.

Vanquished Creatures
  A bat (D:1)
  A goblin (D:1)
  3 rats (D:1)
5 creatures vanquished.

Vanquished Creatures (others)
  7 foxfires (D:1)
7 creatures vanquished.

Grand Total: 12 creatures vanquished

Notes
Turn   | Place    | Note
-------+----------+-------------------------------------------
     0 | D:1      | DemonSlayer the Demonspawn Fire Elementalist began the
                  | quest for the Orb.
     0 | D:1      | Reached XP level 1. HP: 13/13 MP: 3/3
   207 | D:1      | Reached skill level 3 in Fire Magic
   214 | D:1      | Slain by a bat

Illustrated notes

Levels and vault maps discovered:
D:1:      scummos_arrival_star, layout_loops_ring

Skill      XL: |  1 |
---------------+----+-----
Fire Magic     | 3 |  3.0
Dodging        | |  1.7
Stealth        | |  1.7
Spellcasting   | |  2.0
Conjurations   | |  1.0

Action                   || total
-------------------------++-------
Melee: Hand axe          ||    18
       Unarmed           ||     2
 Cast: Foxfire           ||     8
Armor: Robe              ||    14
Dodge: Dodged            ||    24
